 Dungeon Crawl Stone Soup version 0.24-a0-181-gd121a6d (webtiles) character file.

Game seed: 1735178938775234256

1221 gruber the Charmwright (level 8, -1/63 (64) HPs)
             Began as a Gnoll Skald on Mar 14, 2019.
             Was a Believer of Okawaru.
             Slain by an orc warrior
             ... wielding a +0 long sword
              (2 damage)
             ... on level 6 of the Dungeon.
             The game lasted 00:05:28 (4197 turns).

gruber the Charmwright (Gnoll Skald)                Turns: 4197, Time: 00:05:29

HP:   -1/63 (64)    AC:  9    Str: 14    XL:     8   Next: 47%
MP:   0/17          EV: 15    Int: 18    God:    Okawaru [**....]
Gold: 338           SH:  0    Dex: 14    Spells: 8/19 levels left

rFire    . . .     SeeInvis .   p - +4 war axe
rCold    . . .     Gourm    .   (no shield)
rNeg     . . .     Faith    .   b - +0 leather armour
rPois    .         Spirit   .   t - +0 helmet
rElec    .         Reflect  .   (no cloak)
rCorr    .         Harm     .   (no gloves)
MR       .....                  (no boots)
Stlth    ++........             (no amulet)
HPRegen  0.20/turn              s - +5 ring of protection
MPRegen  0.15/turn              (no ring)

@: infused, singing
A: distributed training, fangs 1, strong nose
a: Heroism, Renounce Religion


You were on level 6 of the Dungeon.
You worshipped Okawaru.
Okawaru was pleased with you.
You were not hungry.

You visited 2 branches of the dungeon, and saw 7 of its levels.

You collected 338 gold pieces.

Inventory:

Hand Weapons
 a - a +0 spear
 l - a +2 hunting sling of flaming
 o - a +0 lajatang
 p - a +4 war axe (weapon)
Missiles
 i - 71 stones (quivered)
 m - 21 sling bullets
Armour
 b - a +0 leather armour (worn)
 t - a +0 helmet (worn)
Jewellery
 s - a +5 ring of protection (left hand)
 v - an uncursed ring of poison resistance {unknown}
 w - an uncursed ring of wizardry {unknown}
Wands
 n - a wand of random effects (22)
Scrolls
 c - 8 scrolls of identify {unknown}
 e - 3 scrolls of remove curse {unknown}
 f - a scroll of enchant weapon {unknown}
 j - 3 scrolls of teleportation {unknown}
 k - 2 scrolls of blinking {unknown}
 r - a scroll of noise {unknown}
 y - a scroll of magic mapping {unknown}
Potions
 g - a potion of ambrosia {unknown}
 h - 4 potions of degeneration {unknown}
 q - a potion of magic {unknown}
 u - 2 potions of flight {unknown}
 x - a potion of lignification {unknown}
 z - a potion of heal wounds {unknown}
 A - a potion of haste {unknown}
Comestibles
 d - 16 rations


   Skills:
 + Level 5.6 Fighting
 + Level 3.2 Short Blades
 + Level 3.2 Long Blades
 + Level 3.2 Axes
 + Level 3.2 Maces & Flails
 + Level 5.6 Polearms
 + Level 3.2 Staves
 + Level 3.2 Slings
 + Level 3.2 Bows
 + Level 3.2 Crossbows
 + Level 3.2 Throwing
 + Level 4.2 Armour
 + Level 5.6 Dodging
 + Level 3.2 Stealth
 + Level 3.2 Shields
 + Level 3.2 Unarmed Combat
 + Level 6.0 Spellcasting
 + Level 2.6 Conjurations
 + Level 2.6 Hexes
 + Level 6.1 Charms
 + Level 2.6 Summonings
 + Level 2.6 Necromancy
 + Level 2.6 Translocations
 + Level 2.6 Transmutations
 + Level 2.6 Fire Magic
 + Level 2.6 Ice Magic
 + Level 2.6 Air Magic
 + Level 2.6 Earth Magic
 + Level 2.6 Poison Magic
 + Level 3.5 Invocations
 + Level 3.2 Evocations


You had 8 spell levels left.
You knew the following spells:

 Your Spells              Type           Power        Failure   Level  Hunger
a - Infusion              Chrm           ####         1%          1    None
b - Song of Slaying       Chrm           ####....     1%          2    None
c - Shroud of Golubria    Chrm/Tloc      ###.......   3%          2    None
d - Regeneration          Chrm/Necr      ###.......   8%          3    ##.....
e - Spectral Weapon       Hex/Chrm       ###.....     8%          3    ##.....

Your spell library contained the following spells:

 Spells                   Type           Power        Failure   Level  Hunger


Dungeon Overview and Level Annotations

Branches:
Dungeon (6/15)             Temple (1/1) D:4

Altars:
Ashenzari
Dithmenos
Elyvilon
Fedhas
Gozag
Hepliaklqana
Kikubaaqudgha
Makhleb
Okawaru
Qazlal
Trog
Wu Jian
Xom
Zin
The Shining One


Innate Abilities, Weirdness & Mutations

Your experience applies equally to all skills.
You have very sharp teeth.
Your uncanny sense of smell can sniff out nearby items.


Message History

The gnoll sergeant hits you from afar with a +0 trident.
The gnoll sergeant misses you.
The orc warrior hits you with a +0 long sword.
Unknown command.
You hit the orc warrior!
The orc warrior is almost dead.
The orc warrior blocks your spectral weapon's attack.
Your spectral weapon barely misses the gnoll sergeant.
The gnoll sergeant hits you from afar with a +0 trident!
The orc warrior hits you with a +0 long sword!
* * * LOW HITPOINT WARNING * * *
You hit the orc warrior.
The orc warrior is almost dead.
Your spectral weapon barely misses the orc warrior.
Your spectral weapon barely misses the gnoll sergeant.
A wight comes into view. It is wielding a +0 falchion.
The gnoll sergeant hits you from afar with a +0 trident!
* * * LOW HITPOINT WARNING * * *
The orc warrior hits you with a +0 long sword.
You die...

#..... ..
#..z......##
##........... ..(
#......##..# ....
#....#..#.[###....
#................∆
#....##...g#...
##.....##o(#.# #
#####..#)@..#....
##<.#.....#
##.#..#### #.#..#
#....# ##...#
##..# #..# #...


You could see an orc warrior, a gnoll sergeant, a wight and a friendly spectral
+4 war axe.

Vanquished Creatures
  Eustachio (D:6)
  2 necrophages (D:5)
  A phantom (D:6)
  An ogre (D:5)
  Blork the orc (D:6)
  2 scorpions
  2 howler monkeys
  2 hounds
  2 orc priests (D:4)
  A centaur skeleton (D:4)
  4 orc wizards (D:4)
  A gnoll shaman (D:4)
  6 adders
  3 gnolls (D:4)
  3 shadow imps
  2 oozes
  An adder skeleton (D:4)
  3 worms
  5 leopard geckos
  11 orcs
  A giant cockroach (D:2)
  3 goblins
  5 hobgoblins
  A quokka (D:4)
  7 bats
  3 frilled lizards
  9 kobolds
  A leopard gecko zombie (D:4)
  A quokka skeleton (D:4)
  2 rats
87 creatures vanquished.

Vanquished Creatures (others)
  A spectral weapon (D:3)
1 creature vanquished.

Grand Total: 88 creatures vanquished

Notes
Turn   | Place    | Note
-------+----------+-------------------------------------------
     0 | D:1      | gruber the Gnoll Skald began the quest for the Orb.
     0 | D:1      | Reached XP level 1. HP: 20/20 MP: 6/6
    55 | D:1      | Reached XP level 2. HP: 22/26 MP: 4/7
    59 | D:1      | Learned a level 2 spell: Song of Slaying
    62 | D:1      | Learned a level 2 spell: Shroud of Golubria
   870 | D:2      | Reached XP level 3. HP: 30/31 MP: 9/9
   875 | D:2      | Learned a level 3 spell: Regeneration
   879 | D:2      | Learned a level 3 spell: Spectral Weapon
   916 | D:2      | Reached skill level 5 in Spellcasting
  1430 | D:2      | Reached skill level 1 in Invocations
  1825 | D:3      | HP: 1/31 [orc/+4 war axe (1)]
  1826 | D:3      | Reached skill level 1 in Short Blades
  1826 | D:3      | Reached skill level 1 in Long Blades
  1826 | D:3      | Reached skill level 1 in Axes
  1826 | D:3      | Reached skill level 1 in Maces & Flails
  1826 | D:3      | Reached skill level 1 in Staves
  1826 | D:3      | Reached skill level 1 in Slings
  1826 | D:3      | Reached skill level 1 in Bows
  1826 | D:3      | Reached skill level 1 in Crossbows
  1826 | D:3      | Reached skill level 1 in Throwing
  1826 | D:3      | Reached skill level 1 in Stealth
  1826 | D:3      | Reached skill level 1 in Shields
  1826 | D:3      | Reached skill level 1 in Unarmed Combat
  1826 | D:3      | Reached skill level 1 in Evocations
  2256 | D:3      | Reached XP level 4. HP: 38/38 MP: 11/11
  2486 | D:4      | Reached skill level 1 in Conjurations
  2486 | D:4      | Reached skill level 1 in Hexes
  2486 | D:4      | Reached skill level 1 in Summonings
  2486 | D:4      | Reached skill level 1 in Necromancy
  2486 | D:4      | Reached skill level 1 in Translocations
  2486 | D:4      | Reached skill level 1 in Transmutations
  2486 | D:4      | Reached skill level 1 in Fire Magic
  2486 | D:4      | Reached skill level 1 in Ice Magic
  2486 | D:4      | Reached skill level 1 in Air Magic
  2486 | D:4      | Reached skill level 1 in Earth Magic
  2486 | D:4      | Reached skill level 1 in Poison Magic
  2490 | D:4      | Reached XP level 5. HP: 37/43 MP: 3/12
  2586 | D:4      | Reached XP level 6. HP: 42/50 MP: 8/13
  2952 | D:4      | Reached skill level 5 in Fighting
  2952 | D:4      | Reached skill level 5 in Polearms
  2952 | D:4      | Reached skill level 5 in Dodging
  2972 | D:4      | Found a staircase to the Ecumenical Temple.
  3020 | Temple   | Entered the Ecumenical Temple
  3142 | Temple   | Became a worshipper of Warmaster Okawaru
  3209 | D:4      | Reached XP level 7. HP: 29/56 MP: 12/15
  3576 | D:5      | Entered Level 5 of the Dungeon
  3584 | D:5      | Reached * piety under Okawaru
  3877 | D:5      | Reached XP level 8. HP: 37/62 MP: 12/16
  4140 | D:6      | Noticed Blork the orc
  4183 | D:6      | Noticed Eustachio
  4191 | D:6      | Killed Blork the orc
  4193 | D:6      | Killed Eustachio
  4193 | D:6      | Reached ** piety under Okawaru
  4197 | D:6      | HP: 1/63 [gnoll sergeant/+0 trident (7)]
  4197 | D:6      | Slain by an orc warrior

Levels and vault maps discovered:
D:1:      co_arrival_random_square_maze, layout_basic, fountainhead,
          minmay_tromino_v4_b
D:2:      layout_loops_ring, grunt_decor_one_mirror
D:3:      layout_loops_ring
D:4:      minmay_inner_zag, layout_loops_ring, minmay_temple_entry_ruins,
          first_ration
D:5:      layout_rooms
D:6:      layout_rooms, serial_shops, shop_fountains, grunt_decor_fettered,
          minmay_shop_damaged, kennysheep_cross_room, minmay_statues_item,
          chequers_serial_rivers_micro_d, sword_in_stone, uniq_duvessa
Temple:   roderic_octagonal_lattice_temple

Skill      XL: |  1  2  3  4  5  6  7  8 |
---------------+-------------------------+-----
Spellcasting   | 5 6 |  6.0
Invocations    | 1 2 3 |  3.5
Short Blades   | 1 2 3 |  3.2
Long Blades    | 1 2 3 |  3.2
Axes           | 1 2 3 |  3.2
Maces & Flails | 1 2 3 |  3.2
Staves         | 1 2 3 |  3.2
Slings         | 1 2 3 |  3.2
Bows           | 1 2 3 |  3.2
Crossbows      | 1 2 3 |  3.2
Throwing       | 1 2 3 |  3.2
Stealth        | 1 2 3 |  3.2
Shields        | 1 2 3 |  3.2
Unarmed Combat | 1 2 3 |  3.2
Evocations     | 1 2 3 |  3.2
Conjurations   | 1 2 |  2.6
Hexes          | 1 2 |  2.6
Summonings     | 1 2 |  2.6
Necromancy     | 1 2 |  2.6
Translocations | 1 2 |  2.6
Transmutations | 1 2 |  2.6
Fire Magic     | 1 2 |  2.6
Ice Magic      | 1 2 |  2.6
Air Magic      | 1 2 |  2.6
Earth Magic    | 1 2 |  2.6
Poison Magic   | 1 2 |  2.6
Armour         | 3 4 |  4.2
Fighting       | 5 |  5.6
Polearms       | 5 |  5.6
Dodging        | 5 |  5.6
Charms         | 6 |  6.1

Action                   |  1- 3 |  4- 6 |  7- 9 || total
-------------------------+-------+-------+-------++-------
Melee: Spear             |    99 |       |       ||    99
       Bite              |     8 |     5 |     9 ||    22
       War axe           |     5 |    58 |    63 ||   126
       Punch             |       |     1 |     1 ||     2
 Cast: Infusion          |     7 |       |     2 ||     9
       Spectral Weapon   |     7 |     6 |     7 ||    20
       Regeneration      |     1 |     2 |     3 ||     6
       Song of Slaying   |       |       |     2 ||     2
       Shroud of Golubri |       |       |     1 ||     1
 Stab: Sleeping          |     1 |     2 |     1 ||     4
  Eat: Chunk             |     3 |     5 |     2 ||    10
       Ration            |       |       |     1 ||     1
Armor: Leather armour    |     6 |    14 |    16 ||    36
Dodge: Dodged            |    49 |    47 |    66 ||   162

Table legend:
 A = Non-vault XP
 B = Vault XP
 C = Vault XP percentage of total XP
 D = Non-vault monster count
 E = Vault monster count
 F = Vault count percentage of total count
                 A         B        C        D         E       F
            +---------+---------+-------+---------+---------+-------
      Total |    1441 |     304 |  17.4 |      82 |       5 |   5.7
            +---------+---------+-------+---------+---------+-------
        D:1 |      31 |       2 |   6.1 |      16 |       2 |  11.1
        D:2 |      25 |       0 |   0.0 |      11 |       0 |   0.0
        D:3 |      42 |       0 |   0.0 |      10 |       0 |   0.0
        D:4 |     624 |       3 |   0.5 |      32 |       1 |   3.0
        D:5 |     581 |       0 |   0.0 |      11 |       0 |   0.0
        D:6 |     138 |     299 |  68.4 |       2 |       2 |  50.0
            +---------+---------+-------+---------+---------+-------
